2782 views
Uploaded 2020-01-29 17:45:53
Game version 1.32 / 1.32.1
20:06 long 4on4 ladder game on (8)TwilightRuins_LV
Saved by BEARAND
2782 views
Uploaded 2020-01-29 17:45:53
Game version 1.32 / 1.32.1
20:06 long 4on4 ladder game on (8)TwilightRuins_LV


117 units @ 15.6k
/ 1.5k
202 buildings @ 12.5k
/ 6.1k


| Scroll of Regeneration | 1 | 100 |
| total: | 1 | 100g |
| Peasant | 8 | 600 | / | 0 |
| Footman | 20 | 2700 | / | 0 |
| Rifleman | 16 | 3280 | / | 480 |
| Priest | 7 | 945 | / | 70 |
| total: | 51 | 7525g | / | 550w |
| Altar of Kings | 1 | 180 | / | 50 |
| Farm | 13 | 1040 | / | 260 |
| Barracks | 1 | 160 | / | 60 |
| Blacksmith | 1 | 140 | / | 60 |
| Arcane Vault | 1 | 130 | / | 30 |
| Town Hall | 1 | 385 | / | 205 |
| Arcane Sanctum | 1 | 150 | / | 140 |
| Keep | 2 | 640 | / | 420 |
| total: | 19 | 2185g | / | 805w |
| 0:02 | Peasant |
| 0:02 | Peasant |
| 0:03 | Peasant |
| 0:08 | Altar of Kings |
| 0:15 | Peasant |
| 0:20 | Farm |
| 0:26 | Peasant |
| 0:54 | Farm |
| 0:57 | Barracks |
| 1:04 | Peasant |
| 1:20 | Farm |
| 1:31 | Peasant |
| 1:36 | Peasant |
| 2:00 | Blacksmith |
| 2:10 | Farm |
| 2:15 | Summon Water Elemental |
| 2:17 | Footman |
| 2:17 | Footman |
| 3:01 | Farm |
| 3:07 | Keep |
| 3:17 | Rifleman |
| 3:17 | Rifleman |
| 3:22 | Farm |
| 3:52 | Rifleman |
| 3:52 | Rifleman |
| 4:14 | Arcane Vault |
| 4:49 | Brilliance Aura |
| 4:58 | Rifleman |
| 5:37 | Arcane Sanctum |
| 5:39 | Rifleman |
| 6:14 | Scroll of Regeneration |
| 6:54 | Priest |
| 6:54 | Priest |
| 6:54 | Priest |
| 6:56 | Priest |
| 7:00 | Holy Light |
| 7:01 | Rifleman |
| 7:01 | Rifleman |
| 7:57 | Town Hall |
| 8:20 | Farm |
| 8:23 | Farm |
| 8:25 | Black Gunpowder |
| 8:58 | Rifleman |
| 8:59 | Rifleman |
| 9:00 | Footman |
| 9:04 | Farm |
| 9:05 | Farm |
| 9:52 | Footman |
| 9:52 | Footman |
| 9:52 | Footman |
| 9:56 | Iron Plating |
| 9:56 | Steel Plating |
| 10:49 | Farm |
| 10:49 | Farm |
| 10:51 | Farm |
| 11:18 | Refined Gunpowder |
| 11:19 | Mithril Plating |
| 11:35 | Footman |
| 11:35 | Footman |
| 12:11 | Footman |
| 12:11 | Footman |
| 12:44 | Devotion Aura |
| 12:45 | Summon Water Elemental |
| 13:21 | Footman |
| 13:21 | Footman |
| 13:21 | Footman |
| 14:20 | Rifleman |
| 14:21 | Footman |
| 15:58 | Footman |
| 15:58 | Rifleman |
| 15:58 | Rifleman |
| 15:59 | Rifleman |
| 16:04 | Priest |
| 16:04 | Priest |
| 16:04 | Priest |
| 16:09 | Devotion Aura |
| 16:10 | Brilliance Aura |
| 17:57 | Footman |
| 17:57 | Footman |
| 17:57 | Footman |
| 18:03 | Holy Light |
| 18:51 | Holy Light |
| 19:22 | Footman |
| 19:23 | Footman |
| 19:23 | Rifleman |
| 19:23 | Rifleman |
| Right click | 1770 |
| Select group | 1258 |
| Select | 461 |
| Chat | 134 |
| Build/train/purchase | 110 |
| Assign group | 67 |
| Misc. action | 50 |
| Use ability | 32 |
| Minimap ping | 8 |



| Scroll of Regeneration | 2 | 200 |
| Potion of Healing | 1 | 150 |
| Staff of Sanctuary | 2 | 500 |
| Staff of Teleportation | 3 | 450 |
| Boots of Speed | 3 | 750 |
| Orb of Corruption | 2 | 750 |
| Legion Doom-Horn | 1 | 500 |
| total: | 14 | 3300g |
| Peasant | 14 | 1050 | / | 0 |
| Priest | 2 | 270 | / | 20 |
| Goblin Shredder | 1 | 375 | / | 100 |
| total: | 17 | 1695g | / | 120w |
| Scout Tower | 70 | 2100 | / | 1400 |
| Arcane Tower | 8 | 560 | / | 400 |
| Guard Tower | 39 | 2730 | / | 1950 |
| Altar of Kings | 1 | 180 | / | 50 |
| Farm | 4 | 320 | / | 80 |
| Lumber Mill | 1 | 120 | / | 0 |
| Arcane Vault | 2 | 260 | / | 60 |
| Town Hall | 1 | 385 | / | 205 |
| Blacksmith | 1 | 140 | / | 60 |
| Barracks | 1 | 160 | / | 60 |
| Arcane Sanctum | 1 | 150 | / | 140 |
| Gryphon Aviary | 2 | 280 | / | 300 |
| Keep | 1 | 320 | / | 210 |
| Castle | 1 | 360 | / | 210 |
| total: | 84 | 4095g | / | 2355w |
| 0:02 | Peasant |
| 0:02 | Peasant |
| 0:07 | Altar of Kings |
| 0:18 | Farm |
| 0:22 | Peasant |
| 0:24 | Scout Tower |
| 0:34 | Peasant |
| 0:37 | Farm |
| 0:46 | Peasant |
| 1:01 | Peasant |
| 1:04 | Lumber Mill |
| 1:06 | Peasant |
| 1:20 | Scout Tower |
| 1:21 | Peasant |
| 1:25 | Peasant |
| 1:34 | Arcane Tower |
| 1:48 | Peasant |
| 1:53 | Scout Tower |
| 2:06 | Blizzard |
| 2:07 | Peasant |
| 2:20 | Guard Tower |
| 2:21 | Peasant |
| 2:31 | Guard Tower |
| 2:32 | Scout Tower |
| 2:34 | Peasant |
| 2:36 | Improved Masonry |
| 3:15 | Peasant |
| 3:16 | Guard Tower |
| 3:17 | Scout Tower |
| 3:18 | Scout Tower |
| 3:33 | Brilliance Aura |
| 3:41 | Staff of Teleportation |
| 3:41 | Boots of Speed |
| 3:50 | Keep |
| 4:18 | Guard Tower |
| 4:19 | Guard Tower |
| 4:20 | Scout Tower |
| 4:20 | Scout Tower |
| 4:22 | Farm |
| 4:22 | Farm |
| 4:38 | Arcane Vault |
| 5:04 | Guard Tower |
| 5:15 | Scout Tower |
| 5:16 | Scout Tower |
| 5:16 | Guard Tower |
| 5:35 | Scroll of Regeneration |
| 5:47 | Guard Tower |
| 5:48 | Scout Tower |
| 5:48 | Scout Tower |
| 5:49 | Scout Tower |
| 5:49 | Scout Tower |
| 5:50 | Scout Tower |
| 5:51 | Scout Tower |
| 6:09 | Guard Tower |
| 7:01 | Guard Tower |
| 7:06 | Arcane Sanctum |
| 7:08 | Advanced Masonry |
| 7:20 | Storm Bolt |
| 8:12 | Blizzard |
| 8:15 | Town Hall |
| 8:22 | Scout Tower |
| 8:22 | Scout Tower |
| 8:23 | Scout Tower |
| 8:23 | Scout Tower |
| 8:24 | Scout Tower |
| 8:24 | Scout Tower |
| 8:25 | Scout Tower |
| 8:25 | Scout Tower |
| 8:26 | Scout Tower |
| 8:26 | Scout Tower |
| 9:13 | Bash |
| 9:15 | Castle |
| 9:16 | Staff of Teleportation |
| 9:22 | Boots of Speed |
| 9:28 | Guard Tower |
| 9:29 | Guard Tower |
| 9:33 | Improved Lumber Harvesting |
| 9:43 | Scroll of Regeneration |
| 9:45 | Potion of Healing |
| 9:50 | Guard Tower |
| 9:52 | Magic Sentry |
| 10:07 | Guard Tower |
| 10:08 | Guard Tower |
| 10:40 | Goblin Shredder |
| 11:11 | Guard Tower |
| 11:11 | Guard Tower |
| 11:12 | Arcane Tower |
| 11:15 | Priest |
| 11:44 | Arcane Tower |
| 11:46 | Imbued Masonry |
| 11:55 | Scout Tower |
| 11:55 | Scout Tower |
| 11:56 | Scout Tower |
| 11:56 | Scout Tower |
| 11:57 | Scout Tower |
| 11:57 | Scout Tower |
| 11:58 | Scout Tower |
| 11:58 | Scout Tower |
| 12:17 | Arcane Vault |
| 12:18 | Guard Tower |
| 12:19 | Guard Tower |
| 12:35 | Storm Bolt |
| 12:44 | Holy Light |
| 12:45 | Staff of Sanctuary |
| 13:01 | Guard Tower |
| 13:04 | Scout Tower |
| 13:04 | Scout Tower |
| 13:05 | Scout Tower |
| 13:05 | Scout Tower |
| 13:06 | Scout Tower |
| 13:06 | Scout Tower |
| 13:07 | Scout Tower |
| 13:07 | Scout Tower |
| 13:13 | Staff of Teleportation |
| 13:13 | Boots of Speed |
| 13:23 | Scout Tower |
| 13:24 | Scout Tower |
| 13:24 | Scout Tower |
| 13:25 | Scout Tower |
| 13:25 | Scout Tower |
| 13:25 | Scout Tower |
| 13:31 | Orb of Corruption |
| 13:46 | Staff of Sanctuary |
| 13:59 | Brilliance Aura |
| 14:41 | Arcane Tower |
| 14:41 | Arcane Tower |
| 14:43 | Backpack |
| 14:44 | Priest |
| 14:44 | Priest Adept Training |
| 14:51 | Guard Tower |
| 14:51 | Guard Tower |
| 14:54 | Scout Tower |
| 14:54 | Scout Tower |
| 14:54 | Scout Tower |
| 14:55 | Scout Tower |
| 14:55 | Scout Tower |
| 14:56 | Scout Tower |
| 14:56 | Scout Tower |
| 14:57 | Scout Tower |
| 14:57 | Scout Tower |
| 14:58 | Scout Tower |
| 15:11 | Guard Tower |
| 15:11 | Guard Tower |
| 15:12 | Arcane Tower |
| 15:12 | Guard Tower |
| 15:56 | Divine Shield |
| 16:06 | Guard Tower |
| 16:07 | Scout Tower |
| 16:08 | Scout Tower |
| 16:08 | Scout Tower |
| 16:09 | Scout Tower |
| 16:09 | Scout Tower |
| 16:09 | Scout Tower |
| 16:10 | Scout Tower |
| 16:10 | Scout Tower |
| 17:15 | Arcane Tower |
| 17:17 | Scout Tower |
| 17:17 | Scout Tower |
| 17:18 | Scout Tower |
| 17:19 | Scout Tower |
| 17:46 | Orb of Corruption |
| 18:03 | Legion Doom-Horn |
| 18:15 | Guard Tower |
| 18:27 | Guard Tower |
| 18:48 | Priest Master Training |
| 18:48 | Sorceress Adept Training |
| 18:53 | Gryphon Aviary |
| 18:54 | Gryphon Aviary |
| 18:54 | Blacksmith |
| 18:56 | Barracks |
| 19:29 | Bash |
| 19:38 | Guard Tower |
| 19:41 | Arcane Tower |
| 19:44 | Guard Tower |
| Right click | 1361 |
| Select | 464 |
| Select group | 351 |
| Build/train/purchase | 117 |
| Use ability | 46 |
| Misc. action | 40 |
| Chat | 35 |
| Assign group | 14 |
| Item give/drop | 13 |
| Minimap ping | 4 |


| Rod of Necromancy | 2 | 300 |
| Orb of Corruption | 1 | 375 |
| total: | 3 | 675g |
| Acolyte | 7 | 525 | / | 0 |
| Ghoul | 2 | 240 | / | 0 |
| Crypt Fiend | 8 | 1720 | / | 320 |
| Meat Wagon | 1 | 230 | / | 50 |
| Obsidian Statue | 3 | 600 | / | 105 |
| Abomination | 4 | 960 | / | 280 |
| Goblin Shredder | 1 | 375 | / | 100 |
| total: | 26 | 4650g | / | 855w |
| Altar of Darkness | 1 | 180 | / | 50 |
| Ziggurat | 8 | 1200 | / | 400 |
| Graveyard | 1 | 215 | / | 0 |
| Crypt | 1 | 200 | / | 50 |
| Tomb of Relics | 1 | 130 | / | 30 |
| Necropolis | 1 | 225 | / | 0 |
| Slaughterhouse | 2 | 280 | / | 270 |
| Halls of the Dead | 1 | 320 | / | 210 |
| Black Citadel | 1 | 325 | / | 230 |
| total: | 15 | 2430g | / | 800w |
| 0:02 | Acolyte |
| 0:03 | Acolyte |
| 0:08 | Altar of Darkness |
| 0:10 | Ziggurat |
| 0:44 | Graveyard |
| 1:00 | Crypt |
| 1:11 | Tomb of Relics |
| 1:37 | Ziggurat |
| 2:06 | Ghoul |
| 2:07 | Ghoul |
| 2:15 | Rod of Necromancy |
| 2:22 | Death Coil |
| 2:48 | Crypt Fiend |
| 3:28 | Halls of the Dead |
| 3:33 | Crypt Fiend |
| 4:02 | Crypt Fiend |
| 4:05 | Ziggurat |
| 4:14 | Unholy Aura |
| 4:35 | Crypt Fiend |
| 5:11 | Crypt Fiend |
| 5:18 | Ziggurat |
| 5:38 | Rod of Necromancy |
| 5:47 | Crypt Fiend |
| 6:23 | Death Coil |
| 6:47 | Black Citadel |
| 6:49 | Crypt Fiend |
| 6:53 | Frost Nova |
| 7:01 | Slaughterhouse |
| 8:09 | Meat Wagon |
| 8:10 | Obsidian Statue |
| 8:11 | Obsidian Statue |
| 8:18 | Goblin Shredder |
| 8:29 | Crypt Fiend |
| 8:37 | Ziggurat |
| 9:32 | Ziggurat |
| 9:33 | Ziggurat |
| 9:39 | Slaughterhouse |
| 10:00 | Dark Ritual |
| 10:12 | Disease Cloud |
| 10:31 | Orb of Corruption |
| 10:44 | Acolyte |
| 11:06 | Unholy Aura |
| 11:23 | Necropolis |
| 11:54 | Web |
| 12:32 | Abomination |
| 13:14 | Abomination |
| 13:19 | Frost Nova |
| 13:43 | Abomination |
| 14:21 | Unholy Strength |
| 14:24 | Creature Attack |
| 15:23 | Dark Ritual |
| 15:25 | Death Coil |
| 16:31 | Abomination |
| 16:33 | Obsidian Statue |
| 16:35 | Improved Unholy Strength |
| 16:36 | Improved Creature Attack |
| 16:45 | Acolyte |
| 16:45 | Acolyte |
| 16:46 | Acolyte |
| 16:46 | Acolyte |
| 16:52 | Ziggurat |
| 16:56 | Frost Nova |
| 17:44 | Animate Dead |
| 19:40 | Death and Decay |
| Right click | 978 |
| Select | 357 |
| Select group | 306 |
| Build/train/purchase | 66 |
| Use ability | 42 |
| Assign group | 24 |
| Item give/drop | 9 |
| Remove unit | 3 |



| Scroll of Regeneration | 2 | 200 |
| Scroll of Town Portal | 1 | 350 |
| Staff of Teleportation | 3 | 450 |
| Boots of Speed | 2 | 500 |
| Medallion of Courage | 1 | 500 |
| Ring of Regeneration | 1 | 300 |
| total: | 10 | 2300g |
| Peasant | 23 | 1725 | / | 0 |
| total: | 23 | 1725g | / | 0w |
| Scout Tower | 71 | 2130 | / | 1420 |
| Guard Tower | 45 | 3150 | / | 2250 |
| Altar of Kings | 1 | 180 | / | 50 |
| Farm | 7 | 560 | / | 140 |
| Lumber Mill | 1 | 120 | / | 0 |
| Town Hall | 1 | 385 | / | 205 |
| Arcane Vault | 1 | 130 | / | 30 |
| Arcane Sanctum | 2 | 300 | / | 280 |
| Keep | 1 | 320 | / | 210 |
| Castle | 1 | 360 | / | 210 |
| total: | 84 | 3805g | / | 2125w |
| 0:01 | Peasant |
| 0:04 | Altar of Kings |
| 0:10 | Peasant |
| 0:18 | Farm |
| 0:26 | Peasant |
| 0:41 | Peasant |
| 0:49 | Scout Tower |
| 0:50 | Scout Tower |
| 0:53 | Peasant |
| 0:56 | Farm |
| 1:12 | Lumber Mill |
| 1:17 | Peasant |
| 1:22 | Scout Tower |
| 1:23 | Peasant |
| 1:33 | Peasant |
| 1:53 | Peasant |
| 1:58 | Scout Tower |
| 2:08 | Summon Water Elemental |
| 2:19 | Guard Tower |
| 2:20 | Peasant |
| 2:21 | Peasant |
| 2:35 | Peasant |
| 2:40 | Farm |
| 2:49 | Scout Tower |
| 2:50 | Scout Tower |
| 2:52 | Peasant |
| 3:15 | Peasant |
| 3:16 | Guard Tower |
| 3:17 | Guard Tower |
| 3:18 | Improved Masonry |
| 3:33 | Peasant |
| 3:43 | Guard Tower |
| 3:56 | Peasant |
| 4:01 | Scout Tower |
| 4:03 | Scout Tower |
| 4:03 | Scout Tower |
| 4:04 | Scout Tower |
| 4:21 | Brilliance Aura |
| 4:42 | Town Hall |
| 4:44 | Scout Tower |
| 4:45 | Scout Tower |
| 4:45 | Scout Tower |
| 4:46 | Scout Tower |
| 4:57 | Scout Tower |
| 4:58 | Scout Tower |
| 5:03 | Scout Tower |
| 5:09 | Arcane Vault |
| 5:24 | Keep |
| 5:27 | Guard Tower |
| 5:30 | Scout Tower |
| 5:31 | Scout Tower |
| 5:32 | Scout Tower |
| 5:34 | Guard Tower |
| 5:36 | Scout Tower |
| 5:38 | Scout Tower |
| 5:39 | Scout Tower |
| 5:39 | Scout Tower |
| 5:43 | Scout Tower |
| 5:44 | Scout Tower |
| 5:49 | Guard Tower |
| 5:56 | Scout Tower |
| 5:56 | Scout Tower |
| 5:58 | Scout Tower |
| 5:58 | Scout Tower |
| 6:09 | Scroll of Regeneration |
| 6:23 | Guard Tower |
| 6:26 | Guard Tower |
| 6:47 | Guard Tower |
| 6:50 | Guard Tower |
| 6:59 | Guard Tower |
| 7:07 | Summon Water Elemental |
| 7:17 | Scout Tower |
| 7:17 | Scout Tower |
| 7:18 | Scout Tower |
| 7:18 | Scout Tower |
| 7:24 | Guard Tower |
| 7:30 | Scout Tower |
| 7:31 | Scout Tower |
| 7:32 | Scout Tower |
| 7:32 | Scout Tower |
| 7:34 | Scout Tower |
| 7:34 | Scout Tower |
| 7:35 | Scout Tower |
| 7:40 | Guard Tower |
| 7:46 | Peasant |
| 7:46 | Peasant |
| 7:51 | Improved Lumber Harvesting |
| 8:46 | Guard Tower |
| 8:54 | Peasant |
| 8:54 | Peasant |
| 8:56 | Peasant |
| 8:57 | Peasant |
| 9:08 | Storm Bolt |
| 9:15 | Guard Tower |
| 9:17 | Guard Tower |
| 9:21 | Staff of Teleportation |
| 9:22 | Boots of Speed |
| 9:25 | Guard Tower |
| 9:28 | Peasant |
| 9:58 | Guard Tower |
| 10:34 | Brilliance Aura |
| 10:35 | Bash |
| 10:37 | Castle |
| 10:39 | Advanced Masonry |
| 10:44 | Scout Tower |
| 10:45 | Scout Tower |
| 10:48 | Scout Tower |
| 10:54 | Guard Tower |
| 11:01 | Scroll of Regeneration |
| 11:06 | Scroll of Town Portal |
| 11:21 | Farm |
| 11:22 | Farm |
| 11:25 | Farm |
| 11:25 | Farm |
| 11:27 | Guard Tower |
| 11:29 | Arcane Sanctum |
| 11:30 | Arcane Sanctum |
| 11:32 | Scout Tower |
| 11:33 | Scout Tower |
| 11:34 | Scout Tower |
| 11:34 | Scout Tower |
| 11:35 | Scout Tower |
| 11:35 | Scout Tower |
| 11:36 | Scout Tower |
| 11:36 | Scout Tower |
| 11:38 | Scout Tower |
| 11:38 | Scout Tower |
| 11:39 | Scout Tower |
| 11:40 | Scout Tower |
| 11:46 | Guard Tower |
| 11:47 | Scout Tower |
| 11:49 | Scout Tower |
| 11:50 | Scout Tower |
| 11:50 | Scout Tower |
| 12:03 | Guard Tower |
| 12:31 | Guard Tower |
| 12:36 | Scout Tower |
| 12:37 | Scout Tower |
| 12:38 | Scout Tower |
| 12:38 | Scout Tower |
| 12:40 | Scout Tower |
| 12:41 | Scout Tower |
| 12:42 | Scout Tower |
| 12:42 | Scout Tower |
| 12:53 | Guard Tower |
| 13:13 | Magic Sentry |
| 14:42 | Guard Tower |
| 14:54 | Guard Tower |
| 14:55 | Guard Tower |
| 15:30 | Staff of Teleportation |
| 15:31 | Boots of Speed |
| 15:37 | Storm Bolt |
| 15:39 | Holy Light |
| 16:05 | Guard Tower |
| 17:34 | Imbued Masonry |
| 17:34 | Advanced Lumber Harvesting |
| 18:03 | Staff of Teleportation |
| 18:48 | Medallion of Courage |
| 18:57 | Ring of Regeneration |
| 19:45 | Scout Tower |
| 19:47 | Scout Tower |
| 19:48 | Scout Tower |
| Right click | 960 |
| Select | 563 |
| Select group | 266 |
| Build/train/purchase | 145 |
| Assign group | 73 |
| Use ability | 24 |
| Chat | 21 |
| Misc. action | 17 |
| Minimap ping | 5 |
| Item give/drop | 4 |
154 units @ 25.2k
/ 4k
67 buildings @ 10.5k
/ 4k

| Orb of Corruption | 1 | 375 |
| Potion of Healing | 1 | 150 |
| Scroll of Town Portal | 2 | 700 |
| total: | 4 | 1225g |
| Acolyte | 7 | 525 | / | 0 |
| Ghoul | 5 | 600 | / | 0 |
| Crypt Fiend | 10 | 2150 | / | 400 |
| Frost Wyrm | 8 | 3080 | / | 960 |
| Necromancer | 2 | 290 | / | 40 |
| total: | 32 | 6645g | / | 1400w |
| Nerubian Tower | 4 | 400 | / | 80 |
| Spirit Tower | 6 | 870 | / | 240 |
| Altar of Darkness | 1 | 180 | / | 50 |
| Ziggurat | 12 | 1800 | / | 600 |
| Crypt | 2 | 400 | / | 100 |
| Graveyard | 1 | 215 | / | 0 |
| Tomb of Relics | 1 | 130 | / | 30 |
| Sacrificial Pit | 1 | 75 | / | 150 |
| Temple of the Damned | 2 | 310 | / | 280 |
| Boneyard | 2 | 350 | / | 400 |
| Halls of the Dead | 1 | 320 | / | 210 |
| Black Citadel | 1 | 325 | / | 230 |
| total: | 22 | 3460g | / | 1610w |
| 0:04 | Acolyte |
| 0:04 | Acolyte |
| 0:13 | Altar of Darkness |
| 0:16 | Ziggurat |
| 0:35 | Crypt |
| 1:20 | Crypt |
| 1:24 | Nerubian Tower |
| 1:39 | Ghoul |
| 1:39 | Ghoul |
| 2:00 | Graveyard |
| 2:05 | Acolyte |
| 2:17 | Ghoul |
| 2:31 | Ziggurat |
| 2:57 | Ziggurat |
| 3:13 | Death Coil |
| 3:21 | Tomb of Relics |
| 3:27 | Crypt Fiend |
| 3:43 | Crypt Fiend |
| 3:53 | Creature Attack |
| 4:31 | Crypt Fiend |
| 4:37 | Nerubian Tower |
| 4:39 | Spirit Tower |
| 4:52 | Creature Carapace |
| 5:40 | Crypt Fiend |
| 5:43 | Halls of the Dead |
| 5:48 | Unholy Aura |
| 6:20 | Crypt Fiend |
| 6:29 | Ziggurat |
| 7:10 | Crypt Fiend |
| 8:14 | Black Citadel |
| 8:15 | Spirit Tower |
| 8:20 | Sacrificial Pit |
| 8:25 | Improved Creature Attack |
| 9:50 | Web |
| 9:51 | Crypt Fiend |
| 10:39 | Acolyte |
| 10:40 | Acolyte |
| 10:40 | Acolyte |
| 10:40 | Acolyte |
| 10:44 | Ziggurat |
| 10:46 | Ziggurat |
| 10:47 | Ziggurat |
| 10:48 | Ziggurat |
| 10:48 | Ziggurat |
| 10:52 | Ziggurat |
| 10:58 | Ziggurat |
| 11:19 | Boneyard |
| 11:21 | Boneyard |
| 11:28 | Advanced Creature Attack |
| 11:32 | Improved Creature Carapace |
| 11:40 | Nerubian Tower |
| 11:42 | Spirit Tower |
| 11:44 | Nerubian Tower |
| 11:45 | Spirit Tower |
| 11:49 | Spirit Tower |
| 11:52 | Orb of Corruption |
| 12:16 | Crypt Fiend |
| 12:25 | Ziggurat |
| 12:50 | Freezing Breath |
| 13:02 | Frost Wyrm |
| 13:06 | Frost Wyrm |
| 13:09 | Ghoul |
| 13:09 | Ghoul |
| 13:40 | Frost Wyrm |
| 13:44 | Frost Wyrm |
| 13:46 | Frost Wyrm |
| 14:23 | Scroll of Town Portal |
| 15:28 | Death Coil |
| 16:11 | Spirit Tower |
| 16:22 | Crypt Fiend |
| 16:22 | Crypt Fiend |
| 16:24 | Frost Wyrm |
| 16:24 | Frost Wyrm |
| 17:07 | Temple of the Damned |
| 17:10 | Temple of the Damned |
| 17:13 | Unholy Armor |
| 17:15 | Unholy Strength |
| 17:29 | Frost Wyrm |
| 18:21 | Scroll of Town Portal |
| 18:23 | Potion of Healing |
| 18:55 | Necromancer Adept Training |
| 18:56 | Skeletal Mastery |
| 18:56 | Necromancer |
| 18:56 | Necromancer |
| 19:11 | Unholy Aura |
| Right click | 442 |
| Select | 247 |
| Select group | 75 |
| Build/train/purchase | 67 |
| Assign group | 40 |
| Use ability | 24 |
| Misc. action | 16 |
| Minimap ping | 13 |
| Remove unit | 2 |
| Esc | 2 |


| Pendant of Energy | 1 | 300 |
| Ancient Janggo of Endurance | 1 | 500 |
| total: | 2 | 800g |
| Peon | 18 | 1350 | / | 0 |
| Grunt | 21 | 4200 | / | 0 |
| Demolisher | 1 | 220 | / | 50 |
| Tauren | 6 | 1680 | / | 480 |
| Spirit Walker | 2 | 390 | / | 70 |
| Goblin Zeppelin | 1 | 240 | / | 60 |
| total: | 49 | 8080g | / | 660w |
| Altar of Storms | 1 | 180 | / | 50 |
| Orc Burrow | 8 | 1280 | / | 320 |
| Barracks | 2 | 360 | / | 100 |
| Great Hall | 1 | 385 | / | 185 |
| War Mill | 2 | 410 | / | 0 |
| Tauren Totem | 1 | 135 | / | 155 |
| Stronghold | 1 | 315 | / | 190 |
| Fortress | 1 | 325 | / | 190 |
| total: | 15 | 2750g | / | 810w |
| 0:02 | Peon |
| 0:02 | Peon |
| 0:16 | Altar of Storms |
| 0:32 | Orc Burrow |
| 0:39 | Peon |
| 0:39 | Peon |
| 0:47 | Peon |
| 1:13 | Peon |
| 1:13 | Peon |
| 1:46 | Barracks |
| 1:50 | Peon |
| 1:50 | Peon |
| 2:15 | Orc Burrow |
| 2:29 | Feral Spirit |
| 3:11 | Barracks |
| 3:12 | Grunt |
| 3:12 | Grunt |
| 3:12 | Grunt |
| 4:05 | Stronghold |
| 4:07 | Grunt |
| 4:07 | Grunt |
| 4:12 | Grunt |
| 4:12 | Grunt |
| 4:30 | Orc Burrow |
| 5:30 | Chain Lighting |
| 6:08 | Great Hall |
| 7:30 | Feral Spirit |
| 7:45 | Grunt |
| 7:45 | Grunt |
| 7:46 | Grunt |
| 7:58 | Orc Burrow |
| 8:03 | Orc Burrow |
| 8:07 | Orc Burrow |
| 8:44 | Mirror Image |
| 8:50 | Fortress |
| 8:58 | War Mill |
| 9:07 | War Mill |
| 9:09 | Grunt |
| 9:09 | Grunt |
| 9:12 | Berserker Strength |
| 9:48 | Goblin Zeppelin |
| 10:43 | Steel Melee Weapons |
| 10:43 | Spiked Barricades |
| 10:45 | Grunt |
| 10:46 | Grunt |
| 10:53 | Peon |
| 10:53 | Peon |
| 11:00 | Peon |
| 11:00 | Peon |
| 11:00 | Peon |
| 11:04 | Orc Burrow |
| 11:25 | Burning Oil |
| 11:27 | Demolisher |
| 11:49 | Tauren Totem |
| 11:54 | Peon |
| 11:55 | Peon |
| 11:55 | Peon |
| 11:55 | Peon |
| 12:10 | Orc Burrow |
| 13:04 | Wind Walk |
| 13:25 | Chain Lighting |
| 13:27 | Pendant of Energy |
| 13:38 | Ancient Janggo of Endurance |
| 14:14 | Tauren |
| 14:14 | Tauren |
| 14:15 | Tauren |
| 14:27 | Spirit Walker |
| 14:27 | Spirit Walker |
| 15:09 | Thorium Melee Weapons |
| 15:11 | Improved Spiked Barricades |
| 15:12 | Grunt |
| 15:13 | Grunt |
| 17:23 | Tauren |
| 17:23 | Tauren |
| 17:24 | Tauren |
| 17:25 | Pulverize |
| 18:05 | Grunt |
| 18:05 | Grunt |
| 18:05 | Grunt |
| 18:06 | Grunt |
| 18:06 | Grunt |
| Right click | 1054 |
| Select | 233 |
| Build/train/purchase | 83 |
| Use ability | 11 |
| Remove unit | 1 |
| Esc | 1 |

| Peasant | 11 | 825 | / | 0 |
| Footman | 6 | 810 | / | 0 |
| Rifleman | 15 | 3075 | / | 450 |
| total: | 32 | 4710g | / | 450w |
| Scout Tower | 3 | 90 | / | 60 |
| Barracks | 2 | 320 | / | 120 |
| Altar of Kings | 1 | 180 | / | 50 |
| Farm | 6 | 480 | / | 120 |
| Lumber Mill | 1 | 120 | / | 0 |
| Blacksmith | 1 | 140 | / | 60 |
| total: | 14 | 1330g | / | 410w |
| 0:29 | Peasant |
| 0:33 | Peasant |
| 0:45 | Peasant |
| 0:47 | Peasant |
| 1:22 | Peasant |
| 1:54 | Barracks |
| 1:57 | Peasant |
| 2:23 | Altar of Kings |
| 3:11 | Farm |
| 3:27 | Peasant |
| 3:56 | Footman |
| 3:56 | Footman |
| 3:57 | Footman |
| 4:03 | Farm |
| 4:13 | Lumber Mill |
| 4:33 | Blacksmith |
| 4:45 | Footman |
| 4:45 | Footman |
| 5:11 | Scout Tower |
| 5:15 | Footman |
| 6:05 | Rifleman |
| 6:06 | Rifleman |
| 6:24 | Farm |
| 6:34 | Farm |
| 6:43 | Black Gunpowder |
| 7:13 | Rifleman |
| 7:14 | Rifleman |
| 7:15 | Rifleman |
| 8:19 | Rifleman |
| 8:58 | Scout Tower |
| 9:18 | Rifleman |
| 9:18 | Rifleman |
| 9:25 | Iron Forged Swords |
| 10:40 | Flame Strike |
| 10:52 | Scout Tower |
| 10:59 | Peasant |
| 11:00 | Peasant |
| 11:52 | Iron Plating |
| 12:05 | Farm |
| 12:15 | Farm |
| 12:54 | Rifleman |
| 12:54 | Rifleman |
| 12:55 | Rifleman |
| 13:51 | Barracks |
| 14:25 | Peasant |
| 14:26 | Peasant |
| 16:08 | Rifleman |
| 16:08 | Rifleman |
| 16:08 | Rifleman |
| 16:08 | Rifleman |
| Select | 98 |
| Right click | 46 |
| Build/train/purchase | 46 |
| Resource trade | 44 |
| Esc | 21 |
| Misc. action | 11 |
| Use ability | 3 |


| Potion of Mana | 1 | 200 |
| Potion of Healing | 1 | 150 |
| total: | 2 | 350g |
| Wisp | 17 | 1020 | / | 0 |
| Archer | 3 | 390 | / | 30 |
| Druid of the Claw | 10 | 2550 | / | 800 |
| Dryad | 10 | 1450 | / | 600 |
| Goblin Shredder | 1 | 375 | / | 100 |
| total: | 41 | 5785g | / | 1530w |
| Altar of Elders | 1 | 180 | / | 50 |
| Moon Well | 8 | 1440 | / | 320 |
| Ancient of War | 1 | 150 | / | 60 |
| Ancient of Wonders | 1 | 90 | / | 30 |
| Hunter's Hall | 2 | 420 | / | 200 |
| Tree of Life | 1 | 340 | / | 185 |
| Ancient of Lore | 2 | 310 | / | 290 |
| Tree of Ages | 1 | 320 | / | 180 |
| Tree of Eternity | 1 | 330 | / | 200 |
| total: | 16 | 2930g | / | 1135w |
| 0:07 | Altar of Elders |
| 0:09 | Moon Well |
| 0:36 | Wisp |
| 0:36 | Wisp |
| 0:36 | Wisp |
| 0:36 | Wisp |
| 0:36 | Wisp |
| 1:07 | Ancient of War |
| 1:46 | Wisp |
| 1:47 | Wisp |
| 2:08 | Wisp |
| 2:08 | Wisp |
| 2:08 | Wisp |
| 2:08 | Wisp |
| 2:08 | Wisp |
| 2:13 | Moon Well |
| 2:19 | Force of Nature |
| 3:11 | Tree of Ages |
| 3:14 | Archer |
| 3:14 | Archer |
| 3:14 | Archer |
| 3:59 | Ancient of Wonders |
| 4:24 | Thorns Aura |
| 4:32 | Hunter's Hall |
| 4:37 | Moon Well |
| 5:34 | Ancient of Lore |
| 5:36 | Ancient of Lore |
| 5:40 | Strength of the Wild |
| 5:43 | Hunter's Hall |
| 5:46 | Tree of Eternity |
| 6:28 | Moon Well |
| 6:48 | Abolish Magic |
| 6:49 | Druid of the Claw Adept Training |
| 6:51 | Reinforced Hides |
| 7:30 | Druid of the Claw |
| 7:31 | Dryad |
| 7:50 | Druid of the Claw |
| 8:24 | Druid of the Claw Master Training |
| 8:32 | Force of Nature |
| 9:17 | Tree of Life |
| 9:19 | Mark of the Claw |
| 10:06 | Dryad |
| 10:06 | Dryad |
| 10:09 | Thorns Aura |
| 10:51 | Druid of the Claw |
| 11:04 | Potion of Mana |
| 11:12 | Potion of Healing |
| 11:22 | Druid of the Claw |
| 11:42 | Dryad |
| 11:48 | Wisp |
| 11:48 | Wisp |
| 11:48 | Wisp |
| 11:49 | Wisp |
| 11:49 | Wisp |
| 12:19 | Trueshot Aura |
| 12:35 | Dryad |
| 12:55 | Goblin Shredder |
| 13:08 | Moon Well |
| 13:08 | Moon Well |
| 13:09 | Moon Well |
| 13:10 | Moon Well |
| 14:10 | Dryad |
| 14:10 | Druid of the Claw |
| 15:14 | Druid of the Claw |
| 15:15 | Druid of the Claw |
| 15:38 | Druid of the Claw |
| 16:17 | Dryad |
| 16:17 | Dryad |
| 16:59 | Improved Reinforced Hides |
| 17:00 | Improved Strength of the Wild |
| 17:05 | Dryad |
| 17:05 | Dryad |
| 18:19 | Druid of the Claw |
| 18:19 | Druid of the Claw |
| Right click | 561 |
| Select | 480 |
| Build/train/purchase | 117 |
| Select group | 74 |
| Use ability | 24 |
| Assign group | 21 |
| Remove unit | 6 |
| Esc | 4 |
| Item give/drop | 3 |
| Minimap ping | 1 |
⇛